[Event "Late-Titled-Tuesday-Blitz-April-30-2024"]
[Site "Chess.com"]
[Date "2024.04.30"]
[Round "9"]
[White "yaguigor"]
[Black "PoAslan"]
[Result "1-0"]
[WhiteElo "2557"]
[BlackElo "2397"]
[TimeControl "180+1"]
[EndTime "15:43:26 PDT"]
[Termination "yaguigor won by checkmate"]

1. Nf3 Nf6 2. c4 c6 3. Nc3 d5 4. d4 Bf5 5. cxd5 cxd5 6. Qb3 Nc6 7. Qxb7 Bd7 8. Qb3 Rb8 9. Qd1 e6 10. e3 Bd6 11. Bb5 O-O 12. O-O Qe7 13. a3 e5 14.
Bxc6 Bxc6 15. dxe5 Bxe5 16. Nxe5 Qxe5 17. Qd4 Qe6 18. b4 Rfc8 19. Bb2 a5 20. Rfc1 Qe7 21. b5 Bxb5 22. Nxb5 Rxc1+ 23. Rxc1 h5 24. a4 Kh7 25. h3 Qe6 26. Rc7 Kg6 27. Ba3 Qf5 28. Rc6 Qb1+ 29.
Kh2 Qa2 30. Bb2 Kh7 31. Rxf6 gxf6 32. Qxf6 Rg8 33. Qxf7+ Kh6 34. Qxg8 Qxb2 35. f4 Qd2 36. Nd4 Qxe3 37. Nf5# 1-0

[Event "Late-Titled-Tuesday-Blitz-April-30-2024"]
[Site "Chess.com"]
[Date "2024.04.30"]
[Round "9"]
[White "pedroholly22"]
[Black "nitpicker"]
[Result "1-0"]
[WhiteElo "2457"]
[BlackElo "2257"]
[TimeControl "180+1"]
[EndTime "15:43:27 PDT"]
[Termination "pedroholly22 won on time"]

1. e4 c5 2. Nf3 Nc6 3. d4 cxd4 4. Nxd4 Nf6 5. Nc3 d6 6. Bg5 Qb6 7. Nb3 e6 8. Qd2 a6 9. O-O-O Be7 10. g4 O-O 11. Be3 Qc7 12. Be2 Rd8 13. g5 Nd7 14. h4 b5 15. g6 Nce5 16. f4 Nc4 17. gxf7+ Kxf7 18. Bxc4 Qxc4 19. f5 Ne5 20. Rhf1 Kg8 21.
Bg5 Ra7 22. f6 gxf6 23. Be3 Rad7 24. Qg2+ Kh8 25. Rg1 Ng6 26. h5 Rg8 27. hxg6 Rxg6 28. Qh2 Rxg1 29. Rxg1 Bf8 30. Bh6 Rf7 31. Bxf8 Rxf8 32.
Qxd6 Rg8 33. Rxg8+ Kxg8 34. Nd2 Qb4 35. Qxb4 1-0

[Event "Late-Titled-Tuesday-Blitz-April-30-2024"]
[Site "Chess.com"]
[Date "2024.04.30"]
[Round "9"]
[White "Sesleria"]
[Black "stregachess"]
[Result "0-1"]
[WhiteElo "2089"]
[BlackElo "2017"]
[TimeControl "180+1"]
[EndTime "15:43:27 PDT"]
[Termination "stregachess won by resignation"]

1. c4 Nf6 2. g3 c6 3. Bg2 d5 4. Nf3 e6 5. O-O Nbd7 6. b3 Be7 7. Bb2 O-O 8. e3 b6 9. d3 Bb7 10. Nbd2 Rc8 11. Qe2 Re8 12. Rfd1 Qc7 13. Rac1 h6 14. cxd5 exd5 15. Nd4 Qd8 16. Nf5 Nf8 17. Bh3 Rc7 18. Nf3 Bc8 19. g4 Ng6 20. Ne5 Nxe5 21. Bxe5 Bxf5 22. Bxc7 Qxc7 23. gxf5 Bd6 24. f3 Bf4 25. e4 Bxc1 26. Rxc1 Qf4 27. Rf1 Qg5+ 28. Kh1 Nh5 29.
Rg1 Qf6 30. Qg2 Nf4 31. Bg4 Nxg2 0-1

[Event "Late-Titled-Tuesday-Blitz-April-30-2024"]
[Site "Chess.com"]
[Date "2024.04.30"]
[Round "9"]
[White "patzer-reloaded"]
[Black "laskakid"]
[Result "0-1"]
[WhiteElo "2517"]
[BlackElo "2408"]
[TimeControl "180+1"]
[EndTime "15:43:29 PDT"]
[Termination "laskakid won on time"]

1. d4 f5 2. c4 Nf6 3. Nf3 d6 4. g3 g6 5. Bg2 Bg7 6. O-O O-O 7. b3 c6 8. Bb2 Na6 9. Nbd2 Qc7 10. Qc2 Bd7 11. e4 fxe4 12. Nxe4 Nxe4 13. Qxe4 Rae8 14. Qe2 Qa5 15. Rfe1 Qh5 16. Nd2 Bg4 17. Qe3 Nb4 18. Be4 c5 19. a3 Nc6 20. Bd5+ e6 21. Bxc6 bxc6 22. Rab1 Bh6 23. f4 g5 24. dxc5 gxf4 25. Qd4 e5 26. Qxd6 fxg3 0-1

[Event "Late-Titled-Tuesday-Blitz-April-30-2024"]
[Site "Chess.com"]
[Date "2024.04.30"]
[Round "9"]
[White "jcibarra"]
[Black "gmcorrales"]
[Result "1-0"]
[WhiteElo "3005"]
[BlackElo "2818"]
[TimeControl "180+1"]
[EndTime "15:43:31 PDT"]
[Termination "jcibarra won by resignation"]

1. e4 e5 2. Nf3 Nc6 3. d4 exd4 4. Nxd4 Nf6 5. Nxc6 bxc6 6. Nd2 Bc5 7. Nb3 Bb6 8. e5 Qe7 9. Qe2 Nd5 10. c4 Ba6 11. a3 O-O 12. Bd2 Rab8 13. O-O-O Be3 14. Na5 Qxe5 15. Bxe3 Nxe3 16. fxe3 Qxa5 17. Rxd7 Rb3 18. Qc2 Rxe3 19. Bd3 g6 20. Rd1 Rb8 21. Qf2 Bxc4 22.
Qxe3 Be6 23. Rd4 Ba2 24. Bc4 Qb6 25. Rd8+ Kg7 26. Qxb6 Rxb6 27. Bxa2 1-0

[Event "Late-Titled-Tuesday-Blitz-April-30-2024"]
[Site "Chess.com"]
[Date "2024.04.30"]
[Round "9"]
[White "Dr_Pepper18"]
[Black "Hirna2005"]
[Result "0-1"]
[WhiteElo "2468"]
[BlackElo "2373"]
[TimeControl "180+1"]
[EndTime "15:43:36 PDT"]
[Termination "Hirna2005 won on time"]

1. Nf3 g6 2. d4 Bg7 3. e4 d6 4. Bc4 Nf6 5. Nc3 O-O 6. O-O Nxe4 7. Nxe4 d5 8. Bd3 dxe4 9. Bxe4 Nd7 10. c3 Nf6 11. Bc2 b6 12. Ne5 Bb7 13. Qe2 Qd5 14. f3 Nd7 15. Bb3 Qd6 16. Bf4 Nxe5 17. Bxe5 Bxe5 18.
dxe5 Qc5+ 19. Kh1 e6 20. Rfd1 Rad8 21. f4 Kg7 22. h3 h5 23. Kh2 a5 24. a4 Qc6 25.
Rd2 Rxd2 26. Qxd2 Rd8 27. Qe2 Rd3 28. Rd1 Re3 29. Qf2 Qe4 30. Rd2 Ba6 31. Bc2 Bd3 32.
Bxd3 Rxd3 33. Rxd3 Qxd3 34. Qd4 Qxd4 35. cxd4 Kf8 36.
Kg3 Ke7 37. Kf3 Kd7 38. g4 h4 39. Ke4 Kc6 40. b3 b5 41. Ke3 bxa4 42. bxa4 Kd5 43. Kd3 c6 44. Kc3 Ke4 45. Kc4 Kxf4 46. Kc5 Ke4 47.
Kb6 Kxd4 48. Kxa5 c5 49. Kb6 c4 50. a5 c3 51. a6 c2 52. a7 c1=Q 53. a8=Q Qc5+ 54.
Kb7 Qd5+ 0-1

[Event "Late-Titled-Tuesday-Blitz-April-30-2024"]
[Site "Chess.com"]
[Date "2024.04.30"]
[Round "9"]
[White "merinasian"]
[Black "Individoom"]
[Result "0-1"]
[WhiteElo "2598"]
[BlackElo "2775"]
[TimeControl "180+1"]
[EndTime "15:43:37 PDT"]
[Termination "Individoom won on time"]

1. d4 Nf6 2. Nf3 g6 3. Bf4 Bg7 4. e3 O-O 5. h3 d6 6. Be2 Nfd7 7. O-O e5 8. Bh2 Nc6 9. c4 f5 10. Nc3 f4 11. dxe5 dxe5 12. Nd5 g5 13. Qc2 Nc5 14. b4 Bf5 15. Qd1 Ne6 16. Rc1 Ne7 17. Qb3 c6 18. Nc3 e4 19. Rfd1 Qc7 20. Nd4 Nxd4 21. exd4 Kh8 22. d5 cxd5 23. cxd5 Qd7 24. d6 Nc6 25. Bb5 Rad8 26. Na4 Qe6 27. Bc4 Qf6 28. Nc5 Nd4 29.
Rxd4 Qxd4 30. Nxb7 Rd7 31. Bd5 Rb8 32. Rd1 Qe5 33. Nc5 Rxd6 34. Bc4 Rbd8 35. Re1 Qc3 36. Qxc3 Bxc3 0-1

[Event "Late-Titled-Tuesday-Blitz-April-30-2024"]
[Site "Chess.com"]
[Date "2024.04.30"]
[Round "9"]
[White "Crazy_girl99"]
[Black "ChadBiryani"]
[Result "1-0"]
[WhiteElo "2664"]
[BlackElo "2517"]
[TimeControl "180+1"]
[EndTime "15:43:39 PDT"]
[Termination "Crazy_girl99 won by checkmate"]

1. Nf3 f5 2. d3 Nf6 3. Nc3 d6 4. e4 e5 5. Bg5 Be7 6. Be2 O-O 7. Qd2 b5 8. Nxb5 Nc6 9. h4 Rb8 10. c4 fxe4 11. dxe4 Be6 12. Nc3 Qd7 13.
O-O-O Na5 14. Bxf6 Bxf6 15. Nd5 Bxd5 16. Qxd5+ Kh8 17. Qxa5 Qc6 18. Bd3 Rb6 19. b3 Rfb8 20. Qc3 Qc5 21. Bc2 a5 22. Rd5 Qxf2 23. Qd2 Qg3 24.
Rxa5 h6 25. Ra7 Rc6 26. Rd1 Rf8 27. Kb1 Bxh4 28. Nxh4 Qxh4 29. Qd5 Rc5 30. Qe6 Qg5 31. Qd7 Qxg2 32. Rxc7 Rf2 33. Rxc5 Rxc2 34. Rc8+ Kh7 35. Qf5+ g6 36. Qf7# 1-0

[Event "Late-Titled-Tuesday-Blitz-April-30-2024"]
[Site "Chess.com"]
[Date "2024.04.30"]
[Round "9"]
[White "Casablanca"]
[Black "Vincefm"]
[Result "1-0"]
[WhiteElo "2640"]
[BlackElo "2454"]
[TimeControl "180+1"]
[EndTime "15:43:39 PDT"]
[Termination "Casablanca won on time"]

1. Nf3 Nf6 2. c4 e6 3. d4 Bb4+ 4. Nbd2 O-O 5. a3 Be7 6. e4 d6 7.
Bd3 e5 8. O-O Nc6 9. d5 Nb8 10.
b4 a5 11. Nb3 axb4 12. axb4 Rxa1 13. Nxa1 c6 14. Nc2 cxd5 15. cxd5 Nfd7 16. Ne3 Nb6 17. Qb3 g6 18. Bd2 f5 19. Rc1 Bd7 20. b5 f4 21. Nf1 g5 22. Ba5 g4 23. N3d2 Be8 24.
Nc4 N8d7 25. Nfd2 g3 26. f3 gxh2+ 27. Kh1 Nf6 28. Nxb6 Nh5 29. Nf1 Bh4 30. Qc3 Qg5 31. Nc8 Rf6 32. Ne7+ Kf7 33. Nf5 Rg6 34. Qc7+ Kf8 35.
Rc2 1-0

[Event "Late-Titled-Tuesday-Blitz-April-30-2024"]
[Site "Chess.com"]
[Date "2024.04.30"]
[Round "9"]
[White "DrVelja"]
[Black "oskariot"]
[Result "1-0"]
[WhiteElo "2965"]
[BlackElo "2760"]
[TimeControl "180+1"]
[EndTime "15:43:40 PDT"]
[Termination "DrVelja won by checkmate"]

1. Nf3 c5 2. e4 e6 3. d4 cxd4 4.
Nxd4 Nf6 5. Nc3 d6 6. g4 e5 7.
Bb5+ Bd7 8. Bxd7+ Qxd7 9. Nf5 h5 10. g5 Nxe4 11. Nxg7+ Bxg7 12. Nxe4 d5 13. Ng3 Nc6 14. Be3 d4 15. Bd2 O-O-O 16. Qe2 e4 17. Nxe4 d3 18.
cxd3 Nd4 19. Rc1+ Kb8 20. Qe3 Rhe8 21. O-O Ka8 22. Kh1 Qd5 23. Rc5 Qxa2 24. Bc3 Qe6 25. Ra1 a6 26. Ra4 Qd7 27. Rac4 Nc2 28. Qd2 Qxd3 29. Qxd3 Rxd3 30. Bxg7 Nd4 31. Rxd4 Rxd4 32. Bxd4 Rxe4 33. Rc8# 1-0

[Event "Late-Titled-Tuesday-Blitz-April-30-2024"]
[Site "Chess.com"]
[Date "2024.04.30"]
[Round "9"]
[White "reevecanada"]
[Black "NoSpaghettiForYou"]
[Result "0-1"]
[WhiteElo "2627"]
[BlackElo "2523"]
[TimeControl "180+1"]
[EndTime "15:43:45 PDT"]
[Termination "NoSpaghettiForYou won by resignation"]

1. e4 c5 2. Nf3 Nc6 3. Bb5 Nf6 4. Nc3 Nd4 5. Bc4 Qc7 6. O-O e6 7. h3 a6 8. a4 d6 9. d3 Be7 10. Be3 Nxf3+ 11. Qxf3 b6 12. Qg3 Bb7 13. Qxg7 Rg8 14. Qh6 d5 15. exd5 exd5 16. Bf4 dxc4 17. Bxc7 Rxg2+ 18. Kh1 Rg6+ 19. f3 Rxh6 20. dxc4 Rxh3+ 21. Kg2 Rh6 22. Bxb6 Rg6+ 23. Kf2 Nd7 24. Bc7 Bh4+ 25. Ke3 Re6+ 26.
Kf4 Rc8 27. Ba5 h6 28. Kg4 Be7 29. f4 Rg6+ 30. Kf5 Rcc6 31. Nd5 Rce6 32. Nc7+ Kf8 33. Nxe6+ Rxe6 34. Rfe1 Rf6+ 35. Kg4 Rg6+ 36. Kh3 Bd6 37. Red1 Bg2+ 38. Kh2 Bxf4+ 39. Kg1 Be3+ 40. Kh2 Ne5 41. Rd8+ Ke7 0-1

[Event "Late-Titled-Tuesday-Blitz-April-30-2024"]
[Site "Chess.com"]
[Date "2024.04.30"]
[Round "9"]
[White "NajdorfPlayerc5"]
[Black "Sanyura"]
[Result "0-1"]
[WhiteElo "2495"]
[BlackElo "2660"]
[TimeControl "180+1"]
[EndTime "15:43:48 PDT"]
[Termination "Sanyura won by checkmate"]

1. e4 c5 2. Nf3 e6 3. d4 cxd4 4. Nxd4 Nf6 5. Bd3 Nc6 6. Nxc6 bxc6 7. O-O d5 8. Nd2 Be7 9. Qf3 O-O 10. h3 a5 11. c3 Ba6 12. Bxa6 Rxa6 13. Rd1 a4 14. a3 Qb6 15. e5 Nd7 16. Qg3 Qb8 17. Nf3 g6 18. h4 f6 19. Bf4 fxe5 20. Nxe5 Nxe5 21. Bxe5 Qd8 22. h5 Bh4 23. Qg4 Bxf2+ 24. Kh1 Rf5 25.
hxg6 Rxe5 26. gxh7+ Kh8 27. Rf1 Rg5 28. Qh3 Ra7 29.
Rxf2 Rxh7 30. Raf1 Rxh3+ 31. gxh3 Kg7 32. Rf7+ Kg6 33. h4 Rg4 34. h5+ Kxh5 35. Rh7+ Kg6 36.
Rff7 Rh4+ 37. Kg2 Rxh7 38. Rf3 Rh5 39. Kf2 Rf5 40. Ke2 Rxf3 41. Kxf3 Qb6 42. c4 Qxb2 43. cxd5 exd5 44. Kf4 Qxa3 45. Ke5 Qe3+ 46. Kd6 a3 47. Kd7 c5 48. Kd6 c4 49. Kc6 d4 50. Kd5 a2 51.
Kc6 c3 52. Kd5 d3 53. Kc4 c2 54. Kc3 a1=Q+ 55. Kc4 c1=Q+ 56. Kd5 d2 57. Kd6 d1=Q# 0-1

[Event "Late-Titled-Tuesday-Blitz-April-30-2024"]
[Site "Chess.com"]
[Date "2024.04.30"]
[Round "9"]
[White "Abund"]
[Black "rdarruda"]
[Result "1-0"]
[WhiteElo "2766"]
[BlackElo "2549"]
[TimeControl "180+1"]
[EndTime "15:43:48 PDT"]
[Termination "Abund won by checkmate"]

1. e4 c5 2. Nf3 Nc6 3. Bb5 g6 4.
O-O Bg7 5. Re1 e5 6. Bxc6 bxc6 7. c3 Ne7 8. d4 cxd4 9. cxd4 exd4 10. Nxd4 O-O 11.
Nc3 Qb6 12. Nb3 d5 13. Be3 Qc7 14. Bc5 dxe4 15. Rxe4 Be6 16. Nd4 Rfd8 17. Qe2 Bxd4 18.
Bxd4 Nd5 19. Rxe6 Nf4 20. Qe5 Qxe5 21. Rxe5 Rxd4 22. g3 Nd5 23. Rc1 Rd2 24. Ne4 Rxb2 25. Rxc6 Nb4 26. Rc7 Rxa2 27. Rb5 a5 28. Rbb7 Rf8 29.
Ng5 Nd5 30. Rd7 Nf6 31. Rdc7 Nd5 32. Rc5 Nf6 33. Ra7 a4 34. Rcc7 Nd5 35. Rcb7 a3 36. Nxf7 Rb2 37. Nh6+ Kh8 38. Rxh7# 1-0

[Event "Late-Titled-Tuesday-Blitz-April-30-2024"]
[Site "Chess.com"]
[Date "2024.04.30"]
[Round "9"]
[White "xasid81"]
[Black "scandalgod"]
[Result "1-0"]
[WhiteElo "2652"]
[BlackElo "2508"]
[TimeControl "180+1"]
[EndTime "15:43:49 PDT"]
[Termination "xasid81 won on time"]

1. Nf3 d5 2. Nc3 Nf6 3. d4 Bf5 4. Bg5 e6 5. e3 Be7 6. Bd3 Nbd7 7.
O-O O-O 8. h3 Re8 9. Re1 c6 10.
Bf4 Bb4 11. Ne5 Nxe5 12. dxe5 Ne4 13. Bxe4 Bxe4 14. Nxe4 Bxe1 15. Bg5 Qb6 16. Nf6+ gxf6 17. Bxf6 Qb4 18. f4 Qe4 19. Qxe1 h6 20. Qh4 Kh7 21. Qf2 Rg8 22. Kh2 Rg6 23. g4 Rag8 24. Rd1 c5 25. a3 a6 26. b4 b6 27. c3 Qc4 28.
Qd2 Qe4 29. Qe2 Rc8 30. b5 axb5 31. Rd2 b4 32. axb4 cxb4 33. Rd4 Qb1 34. Rxb4 Qc1 35. f5 exf5 36. gxf5 1-0

[Event "Late-Titled-Tuesday-Blitz-April-30-2024"]
[Site "Chess.com"]
[Date "2024.04.30"]
[Round "9"]
[White "vanyakuba"]
[Black "brother-bear"]
[Result "1-0"]
[WhiteElo "2410"]
[BlackElo "2080"]
[TimeControl "180+1"]
[EndTime "15:43:51 PDT"]
[Termination "vanyakuba won on time"]

1. e4 g6 2. d4 Bg7 3. Nc3 c6 4. h3 d5 5. Nf3 dxe4 6. Nxe4 Nd7 7. Bc4 Ngf6 8. Nxf6+ Nxf6 9. O-O O-O 10. Re1 Nd5 11. Ne5 Be6 12. Bf1 Qb6 13. c3 Rad8 14. Nc4 Qc7 15.
Qf3 c5 16. dxc5 Qxc5 17. Ne3 b5 18. Nxd5 Bxd5 19. Qe3 Qxe3 20. Bxe3 a6 21. Bc5 Rfe8 22. Bxe7 Rd7 23. Bb4 Rxe1 24. Rxe1 h5 25. Ra1 Be5 26. a4 Bc4 27. axb5 axb5 28. Ra8+ Kh7 29. Bxc4 bxc4 30.
g3 Rd2 31. Rc8 Rxb2 32. Rxc4 Rc2 33. Kg2 Kg7 34. Kf3 Bb8 35. Rc8 Ba7 36. c4 Rxf2+ 37. Ke4 Rg2 38. c5 Rxg3 39. c6 1-0

[Event "Late-Titled-Tuesday-Blitz-April-30-2024"]
[Site "Chess.com"]
[Date "2024.04.30"]
[Round "9"]
[White "Hilary46"]
[Black "Sergey_70"]
[Result "0-1"]
[WhiteElo "2711"]
[BlackElo "2510"]
[TimeControl "180+1"]
[EndTime "15:43:54 PDT"]
[Termination "Sergey_70 won by checkmate"]

1. e4 c5 2. Nf3 d6 3. d4 cxd4 4. Nxd4 Nf6 5. Nc3 Nc6 6. Bg5 Bd7 7. Qd2 Rc8 8. O-O-O Nxd4 9. Qxd4 Qa5 10. f4 Rxc3 11. bxc3 e5 12. Qb4 Qxb4 13. cxb4 Nxe4 14. Bh4 g5 15. fxg5 Be7 16. Bc4 h6 17. Rhf1 hxg5 18.
Bxf7+ Kd8 19. Bg3 Nc3 20. Rde1 Bc6 21. Kb2 Na4+ 22. Kb3 b5 23. Rd1 Bxg2 24. Rf2 Bc6 25. Bxe5 Rh3+ 26. Bg3 Nb6 27. c4 bxc4+ 28. Bxc4 Ba4+ 29.
Kc3 Bxd1 30. Be6 Rh6 31. Rd2 Rxe6 32. Rxd1 Kd7 33. Rd3 Re2 34. Kb3 d5 35. a4 Ke6 36.
a5 Nc4 37. Ka4 a6 38. Kb3 Rb2+ 39.
Ka4 Rxb4# 0-1

[Event "Late-Titled-Tuesday-Blitz-April-30-2024"]
[Site "Chess.com"]
[Date "2024.04.30"]
[Round "9"]
[White "SVijayalakshmi"]
[Black "IMRosen"]
[Result "1-0"]
[WhiteElo "2581"]
[BlackElo "2668"]
[TimeControl "180+1"]
[EndTime "15:43:55 PDT"]
[Termination "SVijayalakshmi won by checkmate"]

1. d4 d5 2. c4 e6 3. Nc3 Nf6 4. cxd5 exd5 5. Bg5 c6 6. Nf3 Bd6 7. e3 h6 8. Bh4 O-O 9. Bd3 Re8 10. Rc1 Bg4 11. h3 Be6 12. O-O Nbd7 13. Bb1 Qb8 14.
Qd3 g5 15. Bxg5 hxg5 16. Nxg5 Kg7 17. f4 Nf8 18. Rf3 Nh5 19. Rcf1 Bd7 20. Ne2 f6 21.
Nh7 f5 22. Ng5 Qc8 23. Ng3 Nf6 24. Nxf5+ Bxf5 25. Qxf5 Qxf5 26. Bxf5 Ne4 27. Nxe4 dxe4 28. R3f2 Kf6 29. g4 Ng6 30. Bxg6 Kxg6 31. h4 c5 32. f5+ Kf7 33. Kg2 Rh8 34. Kh3 Rag8 35. dxc5 Bxc5 36.
Rc2 b6 37. b4 Bd6 38. Rc6 Be7 39. Rc7 Rxh4+ 40. Kg3 Rgxg4+ 41. Kf2 Rh2+ 42. Ke1 Kf6 43. Rc6+ Kf7 44. Rc7 Ke8 45. f6 Bxb4+ 46. Kd1 Rgg2 47. f7+ Kd8 48. Rxa7 Rd2+ 49. Kc1 Rc2+ 50. Kb1 Rxa2 51. f8=Q+ Bxf8 52. Rxf8# 1-0

[Event "Late-Titled-Tuesday-Blitz-April-30-2024"]
[Site "Chess.com"]
[Date "2024.04.30"]
[Round "9"]
[White "Charodej1"]
[Black "PawnEatingZombie"]
[Result "1-0"]
[WhiteElo "2416"]
[BlackElo "2213"]
[TimeControl "180+1"]
[EndTime "15:43:57 PDT"]
[Termination "Charodej1 won on time"]

1. b4 d5 2. Bb2 Bf5 3. Nf3 e6 4. a3 a5 5. b5 a4 6. e3 Nf6 7. Be2 Bd6 8. O-O Nbd7 9. Nc3 c6 10.
Nd4 Qb6 11. Nxf5 exf5 12. Rb1 Qc7 13. h3 O-O 14. bxc6 bxc6 15. f4 Rfe8 16. Bf3 Nc5 17. Ne2 Nfd7 18. Nd4 g6 19. g4 fxg4 20. hxg4 Bf8 21. Kg2 Bg7 22. Rh1 Rab8 23. Ba1 Rxb1 24. Qxb1 Rb8 25. Qe1 Nf8 26. g5 Qd6 27. Qh4 Ne4 28.
d3 Nd2 29. f5 Nxf3 30. Kxf3 c5 31. f6 cxd4 32. fxg7 Kxg7 33. Bxd4+ Kg8 34. Qh6 Ne6 35. Qxh7+ Kf8 36. Bf6 Ke8 37. Qg8+ Nf8 38. Rh7 Qe6 39. Rh8 Kd7 40. Qg7 Kc6 41. Rxf8 Rxf8 42. Qxf8 Qf5+ 43. Ke2 Qg4+ 44. Kd2 Qg2+ 45. Kc3 Qe2 46. Qe8+ Kb7 47. Qd7+ Kb8 48. Qd6+ Kb7 49. Qxd5+ Ka7 50. Qc5+ Kb7 51. Qb5+ Kc8 52. Be5 1-0

[Event "Late-Titled-Tuesday-Blitz-April-30-2024"]
[Site "Chess.com"]
[Date "2024.04.30"]
[Round "9"]
[White "only_strong_moves"]
[Black "NLLO777"]
[Result "1-0"]
[WhiteElo "2734"]
[BlackElo "2566"]
[TimeControl "180+1"]
[EndTime "15:43:58 PDT"]
[Termination "only_strong_moves won on time"]

1. Nc3 c5 2. Nf3 Nf6 3. d4 cxd4 4. Nxd4 d5 5. Bf4 a6 6. e3 Qb6 7. Nb3 e6 8. a4 Nc6 9. Be2 Bb4 10. O-O O-O 11.
Na2 Be7 12. Nc3 h6 13. Bg3 Rd8 14. a5 Qa7 15. Na4 e5 16. Nb6 Rb8 17. Kh1 Be6 18. f4 Ne4 19. f5 Nxg3+ 20. hxg3 Bc8 21. Nxd5 Bg5 22. e4 Bd7 23. c3 Be8 24. Qe1 Ne7 25. c4 Nc6 26. Qf2 Qxf2 27. Rxf2 Rbc8 28. Bf1 Kf8 29. Rd1 Nb8 30. Rc2 Ba4 31. Rc3 Nc6 32. Ra1 Bxb3 33. Rxb3 Rb8 34. Rb6 Bd2 35. b4 Ke8 36. Ra2 Bg5 37. b5 axb5 38. cxb5 Nd4 39. a6 bxa6 40. Rxb8 Rxb8 41. bxa6 Ra8 42. Nc7+ Kd7 43.
Nxa8 1-0

[Event "Late-Titled-Tuesday-Blitz-April-30-2024"]
[Site "Chess.com"]
[Date "2024.04.30"]
[Round "9"]
[White "Supelyel"]
[Black "ATM622"]
[Result "1-0"]
[WhiteElo "2406"]
[BlackElo "2492"]
[TimeControl "180+1"]
[EndTime "15:43:59 PDT"]
[Termination "Supelyel won by checkmate"]

1. c4 e5 2. Nc3 Nf6 3. g3 c6 4.
Nf3 e4 5. Nd4 d5 6. cxd5 cxd5 7.
Bg2 Nc6 8. Nxc6 bxc6 9. d3 Bb4 10. O-O exd3 11. Qa4 Bxc3 12. Qxc6+ Bd7 13. Qxc3 dxe2 14. Re1 O-O 15. Rxe2 Rc8 16. Qd4 Bg4 17. Re5 Rc4 18. Qxa7 Re8 19. Rxe8+ Qxe8 20. Be3 Rc2 21. Qb6 h6 22. a4 Rc6 23. Qb3 Be6 24. Bd4 Ne4 25.
Qe3 Qc8 26. a5 Bf5 27. Bf1 Ng5 28. h4 Ne4 29. a6 g5 30. a7 Qa8 31. hxg5 hxg5 32.
f3 Nd6 33. Qxg5+ Bg6 34. Qh6 f6 35. Bxf6 Kf7 36. Qg7+ Ke6 37. Bh3+ Nf5 38. Qe7# 1-0

[Event "Late-Titled-Tuesday-Blitz-April-30-2024"]
[Site "Chess.com"]
[Date "2024.04.30"]
[Round "9"]
[White "bobo_panda"]
[Black "chess_sharparchitect"]
[Result "1-0"]
[WhiteElo "2431"]
[BlackElo "2265"]
[TimeControl "180+1"]
[EndTime "15:43:59 PDT"]
[Termination "bobo_panda won on time"]

1. e4 c5 2. Nf3 d6 3. d4 cxd4 4.
Nxd4 Nf6 5. Nc3 a6 6. h3 e5 7. Nde2 h5 8. Bg5 Nbd7 9. Ng3 g6 10. Bc4 Be7 11. O-O b5 12. Bb3 Bb7 13. h4 b4 14.
Nd5 Nxd5 15. Bxd5 Bxd5 16. Qxd5 Bxg5 17. hxg5 h4 18. Ne2 O-O 19. Qxd6 Ra7 20. Rad1 Qxg5 21. f4 Qg4 22. Qd3 Nc5 23. Qf3 Qxf3 24. gxf3 exf4 25.
Nxf4 g5 26. Nd5 Kg7 27. Kg2 a5 28. Kh3 Ne6 29. Kg4 Kg6 30. f4 f5+ 31. exf5+ Rxf5 32. Rfe1 Nxf4 33. Ne7+ Rxe7 34. Rxe7 Nd5 35. Re6+ Nf6+ 36. Kh3 Rf3+ 37. Kg2 g4 38. Rd4 h3+ 39. Kh2 Kg5 40. Re5+ Rf5 41. Rxf5+ Kxf5 42. a3 bxa3 43. bxa3 Ne4 44.
Ra4 Kf4 45. Rxa5 g3+ 46. Kxh3 Nf2+ 47. Kg2 Ng4 48. Ra8 Ne3+ 49. Kg1 Nxc2 50. a4 Nb4 51. a5 Kf3 52. Rf8+ Kg4 53. Rb8 1-0

[Event "Late-Titled-Tuesday-Blitz-April-30-2024"]
[Site "Chess.com"]
[Date "2024.04.30"]
[Round "9"]
[White "realburq"]
[Black "balack95"]
[Result "0-1"]
[WhiteElo "2375"]
[BlackElo "2503"]
[TimeControl "180+1"]
[EndTime "15:44:02 PDT"]
[Termination "balack95 won by checkmate"]

1. e4 c5 2. Nf3 e6 3. g3 d5 4. exd5 exd5 5. d4 Nf6 6. Bg2 Nc6 7. O-O Be7 8. dxc5 O-O 9. Nbd2 Bxc5 10. Nb3 Bb6 11. Nbd4 Ne4 12. h3 h6 13. Be3 Bd7 14. c3 Re8 15. Rc1 Rc8 16. Rc2 Na5 17. Re1 Nc4 18. Bc1 Qf6 19. b3 Ncd6 20. Bb2 Qd8 21. Nd2 Nxd2 22. Rxd2 Ne4 23. Rc2 Bc6 24. c4 Ba5 25.
Nxc6 bxc6 26. Qd4 f6 27. Rd1 Bb6 28. c5 Bc7 29. Bxe4 Rxe4 30. Qd3 Qe7 31. Rcd2 Qxc5 32. Kg2 Rce8 33. a4 Ba5 34. Bd4 Qe7 35. Rc2 Qe6 36. Rdc1 Rc8 37. Bxa7 Bb4 38. Bc5 Bxc5 39. Rxc5 Re2 40.
R1c2 Rxc2 41. Qxc2 Kh8 42. a5 d4 43. a6 Qd6 44. a7 Ra8 45. Rxc6 Qd5+ 46. Kh2 d3 47. Rc8+ Kh7 48. Qc7 d2 49. Rxa8 d1=Q 50. Rh8+ Kxh8 51. Qb8+ Kh7 52. a8=Q Q1h1# 0-1

[Event "Late-Titled-Tuesday-Blitz-April-30-2024"]
[Site "Chess.com"]
[Date "2024.04.30"]
[Round "9"]
[White "Boninknights"]
[Black "vladgoncharov"]
[Result "1-0"]
[WhiteElo "2395"]
[BlackElo "2593"]
[TimeControl "180+1"]
[EndTime "15:44:03 PDT"]
[Termination "Boninknights won on time"]

1. d4 Nf6 2. Nf3 e6 3. c4 Bb4+ 4. Bd2 Be7 5. Qc2 c5 6. e4 cxd4 7. Nxd4 d6 8. Bd3 O-O 9. O-O Nc6 10. Nxc6 bxc6 11. Nc3 e5 12. f4 exf4 13. Bxf4 Be6 14. Rad1 g6 15. c5 d5 16. b4 a5 17. a3 axb4 18. axb4 dxe4 19. Bxe4 Qc8 20. Bf3 Qa6 21. Be5 Nd7 22. Bd6 Bxd6 23. Rxd6 Rac8 24. Bxc6 Rxc6 25.
b5 Rxd6 26. bxa6 Rxa6 27. Ne4 Rc6 28. h3 Rfc8 29. Qb2 Bf5 30. Nd6 Rb8 31. Qd4 Nxc5 32.
Rxf5 gxf5 33. Nxf5 Ne6 34. Qf6 Rb1+ 35. Kh2 Rc7 36.
Nh6+ Kf8 37. Qh8+ Ke7 38. Qxh7 Rf1 39. Qe4 Rf6 40. Ng8+ 1-0

[Event "Late-Titled-Tuesday-Blitz-April-30-2024"]
[Site "Chess.com"]
[Date "2024.04.30"]
[Round "9"]
[White "klercaku"]
[Black "Laico"]
[Result "0-1"]
[WhiteElo "2257"]
[BlackElo "2427"]
[TimeControl "180+1"]
[EndTime "15:44:05 PDT"]
[Termination "Laico won by checkmate"]

1. e4 e6 2. d4 d5 3. Nd2 Nf6 4. e5 Nfd7 5. c3 c5 6. Ngf3 Nc6 7. Bd3 f6 8. exf6 Nxf6 9. O-O Bd6 10. dxc5 Bxc5 11.
Nb3 Bb6 12. Bg5 O-O 13. Bc2 e5 14. Re1 Bg4 15. h3 Bh5 16. g4 Be8 17. Nxe5 Nxe5 18.
Rxe5 Bxf2+ 19. Kxf2 Ne4+ 20. Kg1 Nxg5 21. Qxd5+ Qxd5 22. Rxd5 Nf3+ 23. Kg2 Bc6 24. Be4 Nh4+ 25. Kg3 Rae8 26.
Kxh4 Rxe4 27. Rd3 Re2 28. Nd4 Be4 29. Rg3 h6 30. Ne6 g5+ 31. Kh5 Rf6 32. Nd8 Kg7 33. Nxb7 Bg6# 0-1

[Event "Late-Titled-Tuesday-Blitz-April-30-2024"]
[Site "Chess.com"]
[Date "2024.04.30"]
[Round "9"]
[White "Binary010"]
[Black "ozates"]
[Result "0-1"]
[WhiteElo "2887"]
[BlackElo "2630"]
[TimeControl "180+1"]
[EndTime "15:44:07 PDT"]
[Termination "ozates won on time"]

1. d4 Nf6 2. c4 e6 3. Nf3 d5 4. Nc3 c6 5. Qd3 dxc4 6. Qxc4 b5 7.
Qd3 Bb7 8. a4 a6 9. g3 Nbd7 10.
Bg2 b4 11. Ne4 c5 12. Nxf6+ Qxf6 13. Bg5 Qg6 14. Qxg6 hxg6 15. Be3 c4 16. Rc1 Bd5 17. O-O a5 18. Nd2 Nb6 19. Bf4 Rc8 20. e4 Bb7 21. Be3 Ba6 22. d5 Nxa4 23. Ra1 c3 24. Rxa4 cxd2 25. Rd1 Be2 26. Raa1 Bxd1 27. Rxd1 Rc1 28. Rxc1 dxc1=Q+ 29. Bxc1 exd5 30. exd5 Bc5 31. Bf1 Kd7 32. Bf4 Bd6 33. Bb5+ Kc7 34. Be3 Rb8 35. Bc6 b3 36. Bd2 Be5 37. Bxa5+ Kd6 38. Bd2 Bxb2 39. f4 Bd4+ 0-1

[Event "Late-Titled-Tuesday-Blitz-April-30-2024"]
[Site "Chess.com"]
[Date "2024.04.30"]
[Round "9"]
[White "H3nriqueTV"]
[Black "lluiss"]
[Result "1-0"]
[WhiteElo "2424"]
[BlackElo "2234"]
[TimeControl "180+1"]
[EndTime "15:44:07 PDT"]
[Termination "H3nriqueTV won on time"]

1. e4 c5 2. Nf3 d6 3. d4 cxd4 4.
Nxd4 Nf6 5. Nc3 g6 6. Bc4 Bg7 7. Bb3 O-O 8. f3 Nc6 9. Be3 Bd7 10. Qd2 Nxd4 11. Bxd4 b5 12. h4 h5 13. Nd5 Nxd5 14.
Bxg7 Kxg7 15. Bxd5 Rc8 16. g4 e6 17. Bb3 a5 18. a3 a4 19. Ba2 Qc7 20. O-O-O Rh8 21.
Kb1 d5 22. exd5 exd5 23. Bxd5 Rcd8 24. Qd4+ f6 25. g5 Qe5 26. gxf6+ Kxf6 27. Qb6+ Kg7 28.
Rhe1 Qf6 29. Qc5 Bf5 30. Re7+ Kh6 31. Qe3+ g5 32. Rf7 Qg6 33. Rg1 Bxc2+ 34. Ka1 Rxd5 35. Qe7 Rhd8 36. hxg5+ Rxg5 37. Rh7+ 1-0